 Dungeon Crawl Stone Soup version 0.20.1-1-g8b1a95d (webtiles) character file.

356 froobite the Chopper (level 6, -1/55 HPs)
             Began as a Hill Orc Berserker on July 31, 2017.
             Was a Believer of Trog.
             Slain by a river rat (6 damage)
             ... summoned by Eustachio
             ... on level 4 of the Dungeon.
             The game lasted 00:20:16 (2969 turns).

froobite the Chopper (Hill Orc Berserker)           Turns: 2969, Time: 00:20:17

Health: -1/55      AC: 11    Str: 21    XL:     6   Next: 63%
Magic:  6/6        EV:  9    Int:  8    God:    Trog [**....]
Gold:   143        SH:  0    Dex: 14    Spells: 5/5 levels left

rFire    . . .     SeeInvis .   x - +3 trident
rCold    . . .     Gourm    .   (no shield)
rNeg     . . .     Faith    .   m - +1 chain mail
rPois    +         Spirit   .   (no helmet)
rElec    .         Reflect  .   (no cloak)
rCorr    .         Harm     .   c - +0 pair of gloves
MR       .....                  (no boots)
Stlth    ..........             (no amulet)
Regen    0.2/turn               h - +4 ring of dexterity
MPRegen  0.1/turn               i - ring of poison resistance

@: berserk cooldown, slowed, very slow
A: no striking features
a: Berserk, Trog's Hand, Burn Spellbooks, Renounce Religion


You were on level 4 of the Dungeon.
You worshipped Trog.
Trog was pleased with you.
You were not hungry.

You visited 1 branch of the dungeon, and saw 4 of its levels.

You collected 143 gold pieces.

Inventory:

Hand Weapons
 a - a +1 hand axe
 x - a +3 trident (weapon)
Missiles
 e - 7 tomahawks (quivered)
 l - 8 tomahawks of returning
Armour
 b - a +0 animal skin
 c - a +0 pair of gloves (worn)
 k - a +0 ring mail
 m - a +1 chain mail (worn)
 y - a +0 scale mail
Jewellery
 h - a +4 ring of dexterity (left hand)
 i - a ring of poison resistance (right hand)
 r - an uncursed ring of protection from fire
 s - an uncursed amulet of magic regeneration {unknown}
Scrolls
 j - a scroll of magic mapping
 o - a scroll of teleportation
 t - 2 scrolls of random uselessness
 v - 3 scrolls of remove curse
 w - a scroll of identify
Potions
 d - a potion of lignification
 f - 2 potions of ambrosia {unknown}
 n - a potion of degeneration {unknown}
 p - a potion of heal wounds {unknown}
 q - a potion of flight {unknown}
 u - 2 potions of curing
Comestibles
 g - 4 fruits
 z - a meat ration


   Skills:
 + Level 4.9 Fighting
 + Level 6.0(6.4) Axes
 + Level 2.5(4.1) Polearms
 + Level 0.6 Throwing
 + Level 4.1 Armour
 + Level 2.2 Dodging
 + Level 0.1 Stealth


You had 5 spell levels left.
You didn't know any spells.

Dungeon Overview and Level Annotations

Branches:
Dungeon (4/15)
 Temple: D:4-7

Altars:
Nemelex Xobeh
Xom

Annotations:
D:4 Eustachio


Message History

The river rat bites you.
You hit the river rat.
The river rat is lightly wounded.
The bat hits you but does no damage. The river rat closely misses you.
Eustachio gestures wildly while chanting.
Eustachio blinks!
You hit the river rat.
The river rat is severely wounded.
The bat barely misses you. The river rat barely misses you.
The shadow imp gestures at you. Pain shoots through your body!
The river rat barely misses you. The shadow imp gestures at you.
Pain shoots through your body!
* * * LOW HITPOINT WARNING * * *
As you read the scroll of fog, it crumbles to dust.
The scroll dissolves into smoke.
The bat hits you but does no damage. The river rat bites you.
* * * LOW HITPOINT WARNING * * *
The river rat bites you.
You die...

#..<.........##.#.....#
#............##.....@.#
#............#####....#
#..................5..#
#...........######....#
#...........##....5...#
#...........##.b§.....#
#...........§§r§....>.#
..........##@§...##.#
###.......##§§...##.#
#.#.###.##.....##.#
#.#. #.##.....##.# # ##
#.##.....##.#
#.#########.# #.# #.#
#.#


You could see a river rat, a shadow imp and a bat.

Vanquished Creatures
  Sigmund (D:3)
  Terence (D:3)
  2 worker ants (D:4)
  A hound skeleton (D:4)
  Robin (D:3)
  2 adders (D:3)
  An ooze (D:3)
  An adder skeleton (D:4)
  2 worms
  3 dart slugs
  2 leopard geckos
  An orc (D:3)
  A ball python (D:3)
  4 giant cockroaches
  13 goblins
  11 hobgoblins
  5 jackals
  4 kobolds
  A quokka (D:3)
  6 bats
  4 frilled lizards
  2 gnoll zombies (D:4)
  7 rats
76 creatures vanquished.

Notes
Turn   | Place    | Note
-------+----------+-------------------------------------------
     0 | D:1      | froobite the Hill Orc Berserker began the quest for the Orb.
     0 | D:1      | Reached XP level 1. HP: 19/19 MP: 1/1
   465 | D:1      | Reached XP level 2. HP: 10/27 MP: 2/2
  1186 | D:2      | Reached XP level 3. HP: 30/33 MP: 3/3
  1270 | D:2      | Found an opulent altar of Gozag.
  1270 | D:2      | Found a shimmering altar of Xom.
  1270 | D:2      | Found a shimmering altar of Xom.
  1270 | D:2      | Found a white marble altar of Elyvilon.
  1270 | D:2      | Found a hazy altar of Hepliaklqana.
  1270 | D:2      | Found a bloodstained altar of Trog.
  1354 | D:2      | Reached ** piety under Trog
  1795 | D:3      | Noticed Robin
  1819 | D:3      | Reached XP level 4. HP: 18/40 MP: 4/4
  1824 | D:3      | Killed Robin
  1952 | D:3      | Noticed Terence
  1964 | D:3      | Killed Terence
  1964 | D:3      | Reached skill level 5 in Axes
  2107 | D:3      | Reached XP level 5. HP: 41/46 MP: 5/5
  2128 | D:3      | Noticed Sigmund
  2461 | D:3      | Killed Sigmund
  2461 | D:3      | Reached skill level 6 in Axes
  2461 | D:3      | Reached XP level 6. HP: 53/53 MP: 6/6
  2599 | D:4      | Noticed Eustachio
  2655 | D:4      | HP: 2/53 [iron imp[Eustachio] (1)]
  2926 | D:4      | Found a sparkling altar of Nemelex Xobeh.
  2969 | D:4      | Slain by a river rat

Skill      XL: |  1  2  3  4  5  6 |
---------------+-------------------+-----
Fighting       | 4 |  4.9
Dodging        | 2 |  2.2
Armour         | 3 4 |  4.1
Axes           | 5 6 |  6.0
Polearms       | 2 |  2.5
Throwing       | |  0.6
Stealth        | |  0.1

Action                   |  1- 3 |  4- 6 || total
-------------------------+-------+-------++-------
Melee: Hand axe          |   128 |    15 ||   143
       Trident           |       |   113 ||   113
Throw: Tomahawk          |     7 |     7 ||    14
Invok: Berserk           |     2 |     4 ||     6
       Trog's Hand       |       |     1 ||     1
  Use: Scroll            |     8 |     7 ||    15
  Eat: Bread ration      |     1 |     1 ||     2
       Chunk             |       |     2 ||     2
       Meat ration       |       |     1 ||     1
Armor: Animal skin       |    12 |       ||    12
       Ring mail         |    28 |       ||    28
       Chain mail        |    25 |   187 ||   212
Dodge: Dodged            |    88 |   121 ||   209
